 Dungeon Crawl Stone Soup version 0.30-b1-2-g02819fbbbe (webtiles) character file.

Game seed: 17286375602686628354

675 sanka the Grave Robber (level 7, -1/55 HPs)
             Began as a Barachi Necromancer on May 6, 2023.
             Was a Follower of Vehumet.
             Killed by divine providence
             ... invoked by an orc priest
              (12 damage)
             ... on level 5 of the Dungeon.
             The game lasted 00:10:45 (4876 turns).

sanka the Grave Robber (Barachi Necromancer)        Turns: 4876, Time: 00:10:46

Health: -1/55      AC:  5    Str:  9    XL:     7   Next: 59%
Magic:  7/11       EV: 14    Int: 24    God:    Vehumet [*.....]
Gold:   279        SH:  0    Dex: 16    Spells: 8/12 levels left

rFire   . . .        b - +0 dagger (venom)
rCold   . . .        (no shield)
rNeg    + . .        k - +0 robe
rPois   .            (no helmet)
rElec   .            (no cloak)
rCorr   .            o - +2 pair of gloves of the Northern Lights {rN+ Dex+4}
SInv    .            (no boots)
Will    .....        (no amulet)
Stlth   ++           u - +6 ring of intelligence
HPRegen 0.29/turn    (no ring)
MPRegen 0.12/turn

%: no passive effects
@: slow
A: amphibious, slowness 1, strong legs 1, +LOS
a: Hop, Renounce Religion


You were on level 5 of the Dungeon.
You worshipped Vehumet.
Vehumet was aware of your devotion.
You visited 1 branch of the dungeon, and saw 5 of its levels.

You collected 279 gold pieces.

Inventory:

Hand Weapons
 a - the +1 spear "Hatraic" {flame, rPois rC+}
   (You found it on level 2 of the Dungeon)

   rC:        It protects you from cold.
   rPois:     It protects you from poison.
 b - a +0 dagger of venom (weapon)
Armour
 k - a +0 robe (worn)
 o - the +2 pair of gloves of the Northern Lights (worn) {rN+ Dex+4}
   (You found it on level 3 of the Dungeon)

   Dex:       It affects your dexterity (+4).
   rN:        It protects you from negative energy.
Jewellery
 i - a ring of poison resistance
 u - a +6 ring of intelligence (left hand)
Wands
 l - a wand of charming (9)
 s - a wand of flame (13)
Scrolls
 d - 3 scrolls of enchant armour {unknown}
 e - 13 scrolls of identify {unknown}
 g - 2 scrolls of teleportation {unknown}
 j - a scroll of torment {unknown}
 m - 2 scrolls of blinking {unknown}
 n - a scroll of noise {unknown}
 r - 2 scrolls of vulnerability {unknown}
 v - a scroll of magic mapping {unknown}
Potions
 c - 2 potions of degeneration {unknown}
 f - 2 potions of mutation {unknown}
 h - a potion of attraction {unknown}
 p - a potion of magic
 q - a potion of flight {unknown}
 t - a potion of invisibility {unknown}
 w - a potion of curing {unknown}


   Skills:
 + Level 4.6 Fighting
 + Level 4.9 Dodging
 - Level 1.7 Stealth
 - Level 3.0 Spellcasting
 - Level 6.0 Necromancy


You had 8 spell levels left.
You knew the following spells:

 Your Spells              Type           Power      Damage    Failure   Level
a - Necrotise             Necr           100%       1d9       1%          1
b - Vampiric Draining     Necr           32%        2d8       2%          3

Your spell library contained the following spells:

 Spells                   Type           Power      Damage    Failure   Level
 Shock                    Conj/Air       12%        1d3       11%         1
 Animate Dead             Necr           32%        N/A       9%          4
 Slow                     Hex            12%        N/A       11%         1
 Lesser Beckoning         Tloc           6%         N/A       16%         2
 Static Discharge         Conj/Air       6%         2-3/arc   16%         2
 Agony                    Necr           32%        N/A       26%         5
 Confusing Touch          Hex            3%         N/A       32%         3
 Gell's Gravitas          Tloc           3%         N/A       32%         3
 Teleport Other           Tloc           3%         N/A       32%         3
 Airstrike                Air            1%         2d(1-17)  71%         4
 Summon Lightning Spire   Summ/Air       3%         N/A       71%         4


Dungeon Overview and Level Annotations

Branches:
Dungeon (5/15)
 Temple: D:4-7

Altars:
Cheibriados
Elyvilon
Hepliaklqana
Okawaru
Trog
Uskayaw
Vehumet
The Shining One

Shops:
D:1 *


Innate Abilities, Weirdness & Mutations

You are amphibious.
You cover ground slowly.
You can hop short distances.
You have an extended range of vision and can be seen from far away.


Message History

You start resting.
Your orc skeleton crumbles into dust!
Magic restored.
You start resting.
HP restored.
Unknown command.
You see here a worm corpse.
Found a dagger.
An iguana comes into view.
The iguana hisses angrily.
The iguana writhes in agony!
The iguana writhes in agony!
You kill the iguana!
Vehumet accepts your kill.
The dead are walking!
You can't see any susceptible monsters within range! (Use Z to cast anyway.)
You start resting.
Magic restored.
Your iguana skeleton crumbles into dust!
Found a stone staircase leading down.
Okay, then.
Found a robe.
You now have 279 gold pieces (gained 8).
You see here a grey potion.
You can't see any susceptible monsters within range! (Use Z to cast anyway.)
You can't see any susceptible monsters within range! (Use Z to cast anyway.)
The orc priest shouts!
You hear a shout!
The orc priest calls down the wrath of Beogh upon you.
Beogh smites you!
The orc priest writhes in agony.
The orc priest barely resists.
The orc priest calls down the wrath of Beogh upon you.
Beogh smites you!
The orc priest barely resists.
The orc priest writhes in agony.
The orc warrior shoots a bolt.
The bolt hits you!!
* * * LOW HITPOINT WARNING * * *
The orc priest mumbles some strange prayers to Beogh against you.
Beogh smites you!
You die...

#.............................
###.###.#>....................
#.# #.#........###########.#
#.# #.##+#.....# #.#
#.......#..## #.#
#.......#...## #.#
#.......#...[## #.#
#.##.####..#..#### #.#
#.......@..##..... ###
####.###.......... #.#
#...........#.# #.#
#.o.........#. #.#
#............ ...
+!..........# #...........#
#...........# ##...........#


You could see an orc priest.

Vanquished Creatures
  A centaur (D:4)
  A phantom (D:4)
  A scorpion (D:4)
  2 hounds (D:4)
  3 orc priests (D:5)
  2 iguanas
  3 orc wizards
  A scorpion zombie (D:3)
  A hound zombie (D:3)
  4 adders
  2 adder zombies (D:3)
  2 adder skeletons (D:3)
  3 worms
  A dart slug (D:2)
  12 orcs
  3 bats
  5 endoplasms
  3 giant cockroaches
  9 goblins
  5 hobgoblins
  2 quokkas
  8 ball pythons
  3 frilled lizards
  7 kobolds
  2 rats (D:1)
86 creatures vanquished.

Vanquished Creatures (collateral kills)
  An orc (D:4)
  A goblin (D:2)
  A ball python (D:1)
  A ball python skeleton (D:3)
  A rat (D:2)
5 creatures vanquished.

Grand Total: 91 creatures vanquished

Notes
Turn   | Place    | Note
-------+----------+-------------------------------------------
     0 | D:1      | sanka the Barachi Necromancer began the quest for the Orb.
     0 | D:1      | Reached XP level 1. HP: 13/13 MP: 3/3
   333 | D:1      | Reached XP level 2. HP: 16/19 MP: 3/5
   494 | D:1      | Found Cimiwas's Assorted Antiques.
   543 | D:1      | Noticed a shining eye
   543 | D:1      | Noticed an eye of devastation
   546 | D:1      | Found a faded altar of an unknown god.
   546 | D:1      | Noticed a great orb of eyes
   550 | D:1      | Noticed an eye of devastation
   840 | D:2      | Reached skill level 4 in Necromancy
   849 | D:2      | Reached XP level 3. HP: 24/24 MP: 5/7
  1415 | D:2      | Identified the +1 spear "Hatraic" {flame, rPois rC+}
  1539 | D:2      | Learned a level 3 spell: Vampiric Draining
  1630 | D:3      | Reached XP level 4. HP: 30/30 MP: 4/8
  1948 | D:3      | Reached skill level 5 in Necromancy
  2034 | D:3      | Reached XP level 5. HP: 27/35 MP: 3/9
  2412 | D:3      | Found a radiant altar of Vehumet.
  2559 | D:3      | Became a worshipper of Vehumet
  2795 | D:3      | Identified the +2 pair of gloves of the Northern Lights
                  | {rN+ Dex+4}
  3036 | D:4      | Reached skill level 6 in Necromancy
  3036 | D:4      | Reached skill level 1 in Fighting
  3036 | D:4      | Reached XP level 6. HP: 34/43 MP: 8/10
  3403 | D:4      | Reached XP level 7. HP: 17/52 MP: 11/11
  3655 | D:4      | Found a white marble altar of Elyvilon.
  3657 | D:4      | Found a bloodstained altar of Trog.
  3658 | D:4      | Found a hide-covered altar of Uskayaw.
  3659 | D:4      | Found a hazy altar of Hepliaklqana.
  4072 | D:4      | Found an iron altar of Okawaru.
  4140 | D:5      | Entered Level 5 of the Dungeon
  4321 | D:5      | Found a snail-covered altar of Cheibriados.
  4321 | D:5      | Found a glowing golden altar of the Shining One.
  4744 | D:5      | Reached * piety under Vehumet
  4744 | D:5      | Offered knowledge of Shock by Vehumet.
  4876 | D:5      | Killed from afar by an orc priest

Illustrated notes

Levels and vault maps discovered:
D:1:      dpeg_arrival_concentric_ovals, layout_basic,
          hellmonk_ecumenical_altar_watching_god, serial_shops,
          nicolae_shop_tiny_real_fake_doors
D:2:      layout_rooms
D:3:      layout_basic, lemuel_crystal_altar, serial_undead, serial_undead_d,
          serial_undead_c, serial_undead_c, serial_undead_d,
          nicolae_eternal_life, chequers_hall_statues_wall_a
D:4:      layout_loops_ring, grunt_temple_overflow_open, marbit_many_paths,
          minmay_misc_feat_secret_circle, minivault_25, corexii_shack
D:5:      minmay_spotlight, layout_basic, fedhas_altar_fruit_tree,
          lemuel_tele_altar, gammafunk_temple_overflow_wave,
          nicolae_dithmenos_the_darkroom

Skill      XL: |  1  2  3  4  5  6  7 |
---------------+----------------------+-----
Spellcasting   | 3 |  3.0
Necromancy     | 4 5 6 |  6.0
Fighting       | 1 3 4 |  4.6
Dodging        | 3 4 |  4.9
Stealth        | |  1.7

Action                     |  1- 3 |  4- 6 |  7- 9 || total
---------------------------+-------+-------+-------++-------
  Melee: Spear             |    28 |    88 |    11 ||   127
         Unarmed           |     2 |       |       ||     2
         Punch             |       |     1 |       ||     1
         Dagger            |       |    17 |    11 ||    28
   Cast: Necrotise         |    56 |    49 |    38 ||   143
         Vampiric Draining |       |     2 |     4 ||     6
Ability: Hop               |       |       |     1 ||     1
   Stab: Sleeping          |     2 |       |       ||     2
 Armour: Robe              |     8 |    21 |    13 ||    42
  Dodge: Dodged            |    36 |    67 |    30 ||   133
